 Dungeon Crawl Stone Soup version 0.29.0-4-gdea44cf6ec (webtiles) character file.

Game seed: 5520145381787173718

42 qw the Chopper (level 3, -1/21 HPs)
             Began as a Tengu Warper on Aug 28, 2022.
             Succumbed to an adder's poison
             ... on level 2 of the Dungeon.
             The game lasted 00:00:07 (1778 turns).

qw the Chopper (Tengu Warper)                       Turns: 1778, Time: 00:00:07

Health: -1/21      AC:  5    Str: 13    XL:     3   Next: 54%
Magic:  7/7        EV: 11    Int: 13    God:
Gold:   32         SH:  0    Dex: 13    Spells: 6/6 levels left

rFire   . . .      SeeInvis .   Y - +0 hand axe
rCold   . . .      Faith    .   (no shield)
rNeg    . . .      Spirit   .   f - +0 ring mail
rPois   .          Reflect  .   (helmet restricted)
rElec   .          Harm     .   (no cloak)
rCorr   .          Rampage  .   (no gloves)
Will    .....                   (boots unavailable)
Stlth   +.........              (no amulet)
HPRegen 0.07/turn               (no ring)
MPRegen 0.10/turn               (no ring)

@: lethally poisoned (-1 -> -7)
A: beak, talons 3
a: no special abilities


You were on level 2 of the Dungeon.
You visited 1 branch of the dungeon, and saw 2 of its levels.

You collected 32 gold pieces.


Innate Abilities, Weirdness & Mutations

You have a beak for a mouth.
You have claws for feet.


   Skills:
 - Level 2.0 Fighting
 + Level 4.2 Axes
 - Level 1.0 Throwing
 - Level 1.1 Armour
 - Level 2.1 Dodging
 - Level 2.0 Spellcasting
 - Level 2.4 Translocations


You had 6 spell levels left.
You didn't know any spells.
Your spell library contained the following spells:

 Spells                   Type           Power      Damage    Failure   Level
 Blink                    Tloc           14%        N/A       30%         2
 Gell's Gravitas          Tloc           7%         N/A       52%         3
 Lesser Beckoning         Tloc           7%         N/A       52%         3
 Teleport Other           Tloc           7%         N/A       52%         3
 Manifold Assault         Tloc           7%         N/A       99%         5

Inventory:

Hand Weapons
 k - a +0 mace
 Y - a +0 hand axe (weapon)
Missiles
 m - 2 silver boomerangs (quivered)
 o - 3 boomerangs
Armour
 f - a +0 ring mail (worn)
Scrolls
 i - a scroll of identify
Potions
 g - a potion of heal wounds {unknown}
 n - a potion of curing {unknown}

Dungeon Overview and Level Annotations

Branches:
Dungeon (2/15)

Altars:


Message History

The adder hisses angrily.
You slash the goblin!
You kill the goblin!
You closely miss the adder. Your kick misses the adder.
The adder barely misses you. x2
You closely miss the adder. Your kick misses the adder. You peck the adder.
The adder is lightly wounded.
The adder bites you.
You are poisoned.
The adder poisons you!
You miss the adder. Your kick misses the adder. You peck the adder.
The adder is moderately wounded.
You feel sick. The adder bites you but does no damage.
The adder barely misses you.
You slash the adder!
The adder is almost dead.
You feel sick. The adder bites you.
You are more poisoned.
The adder poisons you!
You miss the adder.
The adder is almost dead.
You feel sick. The adder bites you.
You are more poisoned.
The adder poisons you!
You miss the adder. Your kick misses the adder.
The adder is almost dead.
You feel sick. The adder closely misses you. The adder bites you.
You are lethally poisoned!
The adder poisons you!
You barely miss the adder. Your peck misses the adder.
The adder is almost dead.
You feel very sick. The adder closely misses you.
You hit the adder.
You kill the adder!
You feel sick.
There is a lethal amount of poison in your body!
You feel sick.
There is a lethal amount of poison in your body!
You die...

#.# #.# #. #.# #.
#.# #.# #.# #.#
#.# #.#### #.#
#.##.######@#
##.#|#......)#
#####...#.#####..#
..........# #.....
#####...#.#
#.####.. ##.##.#
#.. #.##.#######
######........
#.........####


There were no monsters in sight!

Vanquished Creatures
  An adder (D:2)
  A worm (D:2)
  A dart slug (D:1)
  2 endoplasms (D:1)
  2 giant cockroaches (D:1)
  5 hobgoblins (D:1)
  3 quokkas (D:1)
  A ball python (D:1)
  A bat (D:1)
  2 frilled lizards (D:1)
  3 goblins
  A kobold (D:1)
  4 rats (D:1)
27 creatures vanquished.

Notes
Turn   | Place    | Note
-------+----------+-------------------------------------------
     0 | D:1      | qw the Tengu Warper began the quest for the Orb.
     0 | D:1      | Reached XP level 1. HP: 12/12 MP: 4/4
     0 | D:1      | 0 ||| qw: Version: 0.1-a-89-g26bdef1
     0 | D:1      | 0 ||| qw: Game counter: 2113
     0 | D:1      | 0 ||| qw: Always use a shield: true
     0 | D:1      | 0 ||| qw: God list: Okawaru
     0 | D:1      | 0 ||| qw: Allow faded altars: false
     0 | D:1      | 0 ||| qw: Do Orc after D:15 true
     0 | D:1      | 0 ||| qw: Do second Lair branch before Depths: true
     0 | D:1      | 0 ||| qw: Lair rune preference: random
     0 | D:1      | 0 ||| qw: Plans: Normal
     0 | D:1      | 0 ||| PLANNING D:1-11
   114 | D:1      | 114 ||| Stepping ~*~*~tactically~*~*~ (stealth).
   116 | D:1      | 116 ||| Stepping ~*~*~tactically~*~*~ (stealth).
   130 | D:1      | Found a faded altar of an unknown god.
   144 | D:1      | Reached skill level 3 in Axes
   144 | D:1      | Reached XP level 2. HP: 17/17 MP: 6/6
   171 | D:1      | 171 ||| Stepping ~*~*~tactically~*~*~ (hiding).
   273 | D:1      | 273 ||| Stepping ~*~*~tactically~*~*~ (hiding).
   375 | D:1      | 375 ||| Stepping ~*~*~tactically~*~*~ (hiding).
   477 | D:1      | 477 ||| Stepping ~*~*~tactically~*~*~ (hiding).
   579 | D:1      | 579 ||| Stepping ~*~*~tactically~*~*~ (hiding).
   681 | D:1      | 681 ||| Stepping ~*~*~tactically~*~*~ (hiding).
   783 | D:1      | 783 ||| Stepping ~*~*~tactically~*~*~ (hiding).
   784 | D:1      | 784 ||| Stepping ~*~*~tactically~*~*~ (hiding).
  1014 | D:1      | 1014 ||| Stepping ~*~*~tactically~*~*~ (stealth).
  1016 | D:1      | 1016 ||| Stepping ~*~*~tactically~*~*~ (stealth).
  1017 | D:1      | 1017 ||| Stepping ~*~*~tactically~*~*~ (stealth).
  1018 | D:1      | 1018 ||| Stepping ~*~*~tactically~*~*~ (stealth).
  1019 | D:1      | 1019 ||| Stepping ~*~*~tactically~*~*~ (stealth).
  1223 | D:1      | Reached XP level 3. HP: 21/21 MP: 7/7
  1582 | D:1      | 1582 ||| UPGRADING to +0 ring mail.
  1592 | D:1      | 1592 ||| DROPPING +0 leather armour.
  1593 | D:1      | 1593 ||| READING scroll labelled TOUKER PUQ.
  1694 | D:1      | 1694 ||| READING scroll labelled JINOUSCH XIJALO.
  1699 | D:1      | 1699 ||| READING scroll labelled GEIGGIG NEHU.
  1700 | D:1      | 1700 ||| READING 2 scrolls labelled LOGIMO YMNO.
  1701 | D:1      | 1701 ||| READING scroll labelled FUMIPURIVU.
  1702 | D:1      | 1702 ||| READING scroll labelled IHOCHAISAB.
  1703 | D:1      | 1703 ||| DROPPING scroll of blinking.
  1717 | D:2      | Reached skill level 4 in Axes
  1745 | D:2      | 1745 ||| Stepping ~*~*~tactically~*~*~ (stealth).
  1765 | D:2      | 1765 ||| Stepping ~*~*~tactically~*~*~ (stealth).
  1766 | D:2      | 1766 ||| Stepping ~*~*~tactically~*~*~ (stealth).
  1775 | D:2      | HP: 5/21 [poisoned by an adder]
  1777 | D:2      | HP: 1/21 [poisoned by an adder]
  1778 | D:2      | Succumbed to an adder's poison

Levels and vault maps discovered:
D:1:      matt_arrival_spirals, layout_rooms, hellmonk_ecumenical_altar_lost_god
D:2:      layout_loops_ring, basic_altar

Skill      XL: |  1  2  3 |
---------------+----------+-----
Axes           | 3 4 |  4.2
Fighting       | |  2.0
Throwing       | |  1.0
Armour         | |  1.1
Dodging        | |  2.1
Spellcasting   | |  2.0
Translocations | |  2.4

Action                   || total
-------------------------++-------
Melee: Hand axe          ||    61
       Peck              ||     8
       Kick              ||     4
Throw: Boomerang         ||    16
  Use: Scroll            ||     6
Armor: Leather armour    ||    15
       Ring mail         ||     2
Dodge: Dodged            ||    22

Table legend:
 A = Non-vault XP
 B = Vault XP
 C = Vault XP percentage of total XP
 D = Non-vault monster count
 E = Vault monster count
 F = Vault count percentage of total count
                 A         B        C        D         E       F
            +---------+---------+-------+---------+---------+-------
      Total |      60 |       0 |   0.0 |      27 |       0 |   0.0
            +---------+---------+-------+---------+---------+-------
        D:1 |      40 |       0 |   0.0 |      24 |       0 |   0.0
        D:2 |      20 |       0 |   0.0 |       3 |       0 |   0.0
            +---------+---------+-------+---------+---------+-------
